 Dungeon Crawl Stone Soup version 0.29-a0-338-g1ff7896281 (webtiles) character file.

Game seed: 12923213346544813043

16 Jortsu the Skirmisher (level 2, 29/29 HPs)
             Began as a Troll Fighter on Apr 19, 2022.
             Was a Follower of Kikubaaqudgha.
             Quit the game on level 1 of the Dungeon.
             The game lasted 00:01:27 (269 turns).

Jortsu the Skirmisher (Troll Fighter)                Turns: 269, Time: 00:01:27

Health: 29/29      AC:  4    Str: 23    XL:     2   Next: 41%
Magic:  1/1        EV:  8    Int:  4    God:    Kikubaaqudgha [*.....]
Gold:   15         SH: 12    Dex:  9    Spells: 1/1 levels left

rFire   . . .      SeeInvis .   a - +0 flail
rCold   . . .      Faith    .   c - +0 kite shield
rNeg    . . .      Spirit   .   b - +0 robe
rPois   .          Reflect  +   (helmet restricted)
rElec   .          Harm     .   (no cloak)
rCorr   .          Rampage  .   (gloves unavailable)
Will    .....                   (boots unavailable)
Stlth   +.........              k - amulet of reflection
HPRegen 0.89/turn               (no ring)
MPRegen 0.07/turn               (no ring)

@: no status effects
A: large, unfitting armour, claws 3, regeneration 1, shaggy fur 1, tough skin 1
a: Renounce Religion, Receive Corpses


You were on level 1 of the Dungeon.
You worshipped Kikubaaqudgha.
Kikubaaqudgha was aware of your devotion.
You visited 1 branch of the dungeon, and saw 1 of its levels.

You collected 15 gold pieces.

Inventory:

Hand Weapons
 a - a +0 flail (weapon)
Armour
 b - a +0 robe (worn)
 c - a +0 kite shield (worn)
Jewellery
 k - an amulet of reflection (around neck)
Scrolls
 f - 4 scrolls of torment {unknown}
 h - 3 scrolls of identify {unknown}
 i - a scroll of magic mapping {unknown}
Potions
 d - a potion of might
 e - a potion of haste {unknown}
 g - a potion of mutation {unknown}
 j - a potion of cancellation {unknown}
 l - a potion of resistance {unknown}
 m - 2 potions of curing {unknown}


   Skills:
 + Level 2.6 Fighting
 + Level 2.0 Maces & Flails
 + Level 2.6 Dodging
 + Level 2.6 Shields


You had one spell level left.
You didn't know any spells.
Your spell library contained the following spells:

 Spells                   Type           Power      Damage    Failure   Level
 Animate Skeleton         Necr           0%         N/A       80%         1
 Pain                     Necr           0%         1d4       80%         1
 Sublimation of Blood     Necr           0%         N/A       91%         2
 Gell's Gravitas          Tloc           0%         N/A       99%         3
 Lesser Beckoning         Tloc           0%         N/A       99%         3
 Teleport Other           Tloc           0%         N/A       99%         3
 Agony                    Necr           0%         N/A       100%        5


Dungeon Overview and Level Annotations

Branches:
Dungeon (1/15)

Altars:
Kikubaaqudgha


Innate Abilities, Weirdness & Mutations

You are too large for most types of armour.
You have claws for hands.
Your natural rate of healing is unusually fast.
You are covered in fur. (AC +1)
You have tough skin. (AC +1)


Message History

The giant cockroach bites you but does no damage.
You closely miss the giant cockroach. You block the giant cockroach's attack.
You hit the giant cockroach.
You kill the giant cockroach!
The floating eye turns its gaze towards you.
A giant cockroach comes into view.
You see here a book of Displacement.
You start putting on your amulet.
You continue putting on your amulet of reflection. x5
The giant cockroach bites you but does no damage.
You block the giant cockroach's attack.
You finish putting on your amulet of reflection.
You feel a shielding aura gather around you.
k - an amulet of reflection (around neck)
A giant cockroach is nearby!
You closely miss the giant cockroach. You block the giant cockroach's attack.
You barely miss the giant cockroach. You block the giant cockroach's attack.
The giant cockroach bites you but does no damage.
You thump the giant cockroach!
You kill the giant cockroach!
Your Maces & Flails skill increases to level 2!
You see here a giant cockroach corpse.
You pick up a book of Displacement and begin reading...
You add the spells Lesser Beckoning, Gell's Gravitas and Teleport Other to your library.
l - a fizzy red potion
Found a faded altar of an unknown god.
The floating eye turns its gaze towards you.
f - 4 scrolls labelled JUARIXU QIEZE (gained 1)
The great orb of eyes turns its gaze towards you.
The great orb of eyes pulsates ominously.
m - 2 lumpy yellow potions A quokka comes into view.
There is a faded altar of an unknown god here.
You cannot tell which god this altar belongs to.
Convert to them anyway?
Kikubaaqudgha accepts your prayer! Kikubaaqudgha welcomes you!
You can now receive cadavers from Kikubaaqudgha.
Kikubaaqudgha grants you a gift!
You add the spells Animate Skeleton, Pain, Sublimation of Blood and Agony to your library.
Are you sure you want to abandon this character and quit the game? (Confirm with "yes".)

######## #######......#
#............# .
#.###...###..# ..
#.#G#...#G#..# ....
#.###...###..######....
#...................#
#.....@......###..###
#............# #.####
#.###...###.####.....
#.#G#...#G#†....###
#.###...###.....#
#...............#
#...............#
#######.........###
#####.#.....#


You could see a great orb of eyes, 2 floating eyes and a golden eye.

Vanquished Creatures
  3 giant cockroaches (D:1)
  A goblin (D:1)
  A hobgoblin (D:1)
  4 jackals (D:1)
  A quokka (D:1)
  2 ball pythons (D:1)
  2 rats (D:1)
14 creatures vanquished.

Notes
Turn   | Place    | Note
-------+----------+-------------------------------------------
     0 | D:1      | Jortsu the Troll Fighter began the quest for the Orb.
     0 | D:1      | Reached XP level 1. HP: 22/22 MP: 0/0
   103 | D:1      | Reached XP level 2. HP: 29/29 MP: 1/1
   193 | D:1      | Noticed a floating eye
   214 | D:1      | Found a faded altar of an unknown god.
   216 | D:1      | Noticed a floating eye
   219 | D:1      | Noticed a golden eye
   219 | D:1      | Noticed a great orb of eyes
   268 | D:1      | Prayed at the altar of an unknown god.
   268 | D:1      | Became a worshipper of Kikubaaqudgha
   268 | D:1      | Reached * piety under Kikubaaqudgha
   268 | D:1      | Received a gift from Kikubaaqudgha
   269 | D:1      | Quit the game

Illustrated notes

Levels and vault maps discovered:
D:1:      mrwooster_arrival_statue_2, layout_rooms,
          hellmonk_ecumenical_altar_watching_god, minmay_surrounded

Skill      XL: |  1  2 |
---------------+-------+-----
Maces & Flails | 2 |  2.0
Fighting       | |  2.6
Dodging        | |  2.6
Shields        | |  2.6

Action                   || total
-------------------------++-------
Melee: Flail             ||    43
Armor: Robe              ||    29
Dodge: Dodged            ||    39
Block: Kite shield       ||    31

Table legend: (Time is in decaauts)
 A = Elapsed time spent in this place.
 B = Non-inter-level travel time spent in this place.
 C = Inter-level travel time spent in this place.
 D = Time resting spent in this place.
 E = Time spent auto-exploring this place.
 F = Levels seen in this place.
 G = Mean time per level.
                   A        B        C        D        E       F      G
               +--------+--------+--------+--------+--------+-----+--------+
         Total |    288 |    288 |      0 |      0 |    128 |   1 |  288.0 |
       Dungeon |    288 |    288 |      0 |      0 |    128 |   1 |  288.0 |
               +--------+--------+--------+--------+--------+-----+--------+

Top non-repeatable levels by time:
     D:1: 288 daAuts
